 Dungeon Crawl Stone Soup version 0.22.1-1-ga44c0e5 (webtiles) character file.

57 yevrey the Vexing (level 3, 0/20 HPs)
             Began as a Deep Elf Arcane Marksman on Sept 21, 2018.
             Succumbed to an adder's poison
             ... on level 2 of the Dungeon.
             The game lasted 00:07:04 (2009 turns).

yevrey the Vexing (Deep Elf Arcane Marksman)        Turns: 2009, Time: 00:07:05

Health: 0/20       AC:  2    Str:  7    XL:     3   Next: 73%
Magic:  7/8        EV: 13    Int: 18    God:
Gold:   15         SH:  0    Dex: 15    Spells: 0/6 levels left

rFire    . . .     SeeInvis .   k - +0 short sword
rCold    . . .     Gourm    .   (no shield)
rNeg     . . .     Faith    .   e - +0 robe
rPois    .         Spirit   .   (no helmet)
rElec    .         Reflect  .   (no cloak)
rCorr    .         Harm     .   (no gloves)
MR       .....                  (no boots)
Stlth    +.........             (no amulet)
HPRegen  0.06/turn              (no ring)
MPRegen  0.11/turn              (no ring)

@: lethally poisoned (0 -> -12)
A: no striking features
a: no special abilities


You were on level 2 of the Dungeon.
You were not hungry.

You visited 1 branch of the dungeon, and saw 2 of its levels.

You collected 15 gold pieces.

Inventory:

Hand Weapons
 a - a +0 shortbow
 b - a +2 dagger of venom
 k - a +0 short sword (weapon)
Missiles
 d - 3 arrows
Armour
 e - a +0 robe (worn)
Scrolls
 g - a scroll of remove curse {unknown}
 h - a scroll of amnesia {unknown}
 i - a scroll of identify {unknown}
 j - 2 scrolls of teleportation
Potions
 c - a potion of berserk rage
Comestibles
 f - 3 rations


   Skills:
 - Level 1.0 Fighting
 + Level 3.7 Bows
 + Level 2.4 Dodging
 + Level 2.2 Spellcasting
 + Level 4.5 Hexes


You couldn't memorise any spells.
You knew the following spells:

 Your Spells              Type           Power        Failure   Level  Hunger
a - Corona                Hex            ###....      2%          1    #......
b - Slow                  Hex            ###.....     4%          2    ##.....
c - Inner Flame           Hex/Fire       ##......     21%         3    ###....

Your spell library contained the following spells:

 Spells                   Type           Power        Failure   Level  Hunger
 Portal Projectile        Hex/Tloc       ##....       21%         3    ###....
 Cause Fear               Hex            ###.......   26%         4    #####..
 Leda's Liquefaction      Hex/Erth       ##........   56%         4    #####..


Dungeon Overview and Level Annotations

Branches:
Dungeon (2/15)

Altars:
Ashenzari
Kikubaaqudgha
Yredelemnul


Message History

The adder bites you. x2
You are poisoned.
The adder poisons you!
You barely miss the adder.
The adder is heavily wounded.
You feel sick. The adder bites you.
* * * LOW HITPOINT WARNING * * *
You closely miss the adder.
The adder is heavily wounded.
The adder closely misses you. The adder bites you.
* * * LOW HITPOINT WARNING * * *
You are more poisoned.
The adder poisons you!
You closely miss the adder.
The adder is heavily wounded.
* * * LOW HITPOINT WARNING * * *
You feel sick. The adder misses you.
You closely miss the adder.
The adder is heavily wounded.
You die...

##.# #.#.# #.# ...#
#...# #((#
##########...# #..
..)..........###..#
##########......(.#
##.####.## #.## #(#
#..# #S# ##
##.###@# .#
#......# .#
#..###.# .# #..#
#.# .##########...
#.# ..........#.#.
#.# .####.#.#.#. .
#.# .# #.#.# #.
#.#.. .# #.#.# #.
.#


You could see an adder.

Vanquished Creatures
  2 adders (D:2)
  An ooze (D:1)
  A dart slug (D:2)
  2 leopard geckos
  3 giant cockroaches
  2 goblins (D:1)
  5 hobgoblins (D:1)
  A quokka (D:2)
  5 bats
  A frilled lizard (D:2)
  4 kobolds
  A leopard gecko skeleton (D:2)
  3 rats (D:1)
31 creatures vanquished.

Notes
Turn   | Place    | Note
-------+----------+-------------------------------------------
     0 | D:1      | yevrey the Deep Elf Arcane Marksman began the quest for the
                  | Orb.
     0 | D:1      | Reached XP level 1. HP: 11/11 MP: 5/5
    37 | D:1      | Reached XP level 2. HP: 8/16 MP: 6/6
   366 | D:2      | Found a shattered altar of Ashenzari.
  1273 | D:1      | Learned a level 2 spell: Slow
  1307 | D:2      | Reached XP level 3. HP: 20/20 MP: 6/8
  1312 | D:2      | Learned a level 3 spell: Inner Flame
  1333 | D:2      | Reached skill level 1 in Fighting
  1535 | D:2      | Found a basalt altar of Yredelemnul.
  1593 | D:2      | HP: 1/20 [poisoned by an adder]
  1941 | D:2      | Found an ancient bone altar of Kikubaaqudgha.
  2008 | D:2      | HP: 1/20 [poisoned by an adder]
  2009 | D:2      | Succumbed to an adder's poison

Skill      XL: |  1  2  3 |
---------------+----------+-----
Bows           | 3 |  3.7
Spellcasting   | 2 |  2.2
Fighting       | 1 |  1.0
Dodging        | |  2.4
Hexes          | |  4.5

Action                   || total
-------------------------++-------
Melee: Short sword       ||    21
       Unarmed           ||     6
 Fire: Shortbow          ||    94
 Cast: Corona            ||    25
       Slow              ||     1
  Use: Potion            ||     3
       Scroll            ||     1
  Eat: Chunk             ||     4
Armor: Robe              ||     8
Dodge: Dodged            ||    56
